 Dungeon Crawl Stone Soup version 0.29-a0-857-g9b1aa3ac5b (webtiles) character file.

Game seed: 1644855345109145833

179 nxtlvl the Slasher (level 5, -1/31 HPs)
             Began as a Deep Elf Monk on July 16, 2022.
             Slain by a black bear (3 damage)
             ... on level 4 of the Dungeon.
             The game lasted 00:08:56 (1212 turns).

nxtlvl the Slasher (Deep Elf Monk)                  Turns: 1212, Time: 00:08:57

Health: -1/31      AC:  2    Str:  8    XL:     5   Next: 33%
Magic:  7/7        EV: 13    Int: 17    God:
Gold:   123        SH:  0    Dex: 17    Spells: 4/4 levels left

rFire   . . .      SeeInvis .   a - +0 falchion
rCold   . . .      Faith    .   (no shield)
rNeg    . . .      Spirit   .   b - +0 robe
rPois   .          Reflect  .   (no helmet)
rElec   .          Harm     .   (no cloak)
rCorr   .          Rampage  .   (no gloves)
Will    .....                   (no boots)
Stlth   ++........              (no amulet)
HPRegen 0.10/turn               (no ring)
MPRegen 0.10/turn               (no ring)

@: no status effects
A: no striking features
a: no special abilities


You were on level 4 of the Dungeon.
You visited 2 branches of the dungeon, and saw 6 of its levels.

You collected 123 gold pieces.

Inventory:

Hand Weapons
 a - a +0 falchion (weapon)
Missiles
 n - a poisoned dart (quivered)
Armour
 b - a +0 robe (worn)
Scrolls
 d - a scroll of teleportation {unknown}
 g - a scroll of identify {unknown}
 h - a scroll of fog {unknown}
 i - a scroll of magic mapping {unknown}
Potions
 c - a potion of ambrosia
 e - a potion of degeneration {unknown}
 f - a potion of lignification {unknown}
 j - 2 potions of attraction {unknown}
 k - 3 potions of heal wounds {unknown}
 l - a potion of haste {unknown}
 m - a potion of invisibility {unknown}


   Skills:
 - Level 2.4 Fighting
 * Level 5.5 Long Blades
 - Level 3.6 Dodging
 - Level 2.4 Stealth


You had 4 spell levels left.
You didn't know any spells.
Your spell library was empty.

Dungeon Overview and Level Annotations

Branches:
Dungeon (5/15)             Temple (1/1) D:4

Altars:
Ashenzari
Cheibriados
Dithmenos
Elyvilon
Fedhas
Hepliaklqana
Kikubaaqudgha
Makhleb
Nemelex Xobeh
Okawaru
Qazlal
Sif Muna
Trog
Uskayaw
Wu Jian
Xom
Zin
The Shining One


Message History

The orc closely misses you.
You completely miss the orc.
The orc is almost dead.
The orc hits you with a +0 short sword.
* * * LOW HITPOINT WARNING * * *
You slash the orc!
You kill the orc!
Things that are here:
a +0 short sword; a +0 ring mail; an orc corpse
Things that are here:
a ball python corpse; a quokka corpse
Found a white potion.
n - a poisoned dart
j - 2 white potions (gained 1)
You see here a +0 ring mail.
You open the door.
There is an open door here.
Found a flail.
Found 7 gold pieces.
You now have 123 gold pieces (gained 7).
You see here a +0 flail.
You open the door.
There is an open door here.
As you open the door, it creaks loudly!
Found a scale mail.
There is an open door here.
The black bear growls angrily.
The black bear bites you. The black bear misses you. The black bear claws you.
* * * LOW HITPOINT WARNING * * *
You hit the black bear.
The black bear is lightly wounded.
The black bear bites you.
* * * LOW HITPOINT WARNING * * *
The black bear barely misses you. The black bear claws you.
* * * LOW HITPOINT WARNING * * *
Unknown command.
The black bear attacks as you move away!
The black bear barely misses you. The black bear misses you.
The black bear claws you.
You die...

#..PP.PP....#.......####
########..PP......##.....##..##
>.....###...###...##..........#
..................'...).......#
#...##............#########...#
.#.#..#..##+##....##.....##...#
.#....#.##..##....##.........####
#....#..#...[#....#..........##..
..>.....#....#..@.#..........#...
....##.......'..h.#..........#...
...#..#..#..####..##.....##..####
.#.#.....### #..##.....########
#...#..### #..#########......
......## +..........+......
....### #...).....##....## ....#
#.........###'#### ##.#####
#..##.....##......


You could see a black bear.

Vanquished Creatures
  2 scorpions (D:4)
  3 adders
  3 dart slugs
  An orc (D:4)
  3 ball pythons
  2 endoplasms
  A giant cockroach (D:1)
  A goblin (D:4)
  2 hobgoblins (D:3)
  6 jackals (D:4)
  2 kobolds (D:1)
  A quokka (D:4)
  2 frilled lizards
  A rat (D:3)
30 creatures vanquished.

Vanquished Creatures (others)
  2 fungi (D:4)
  2 plants
4 creatures vanquished.

Grand Total: 34 creatures vanquished

Notes
Turn   | Place    | Note
-------+----------+-------------------------------------------
     0 | D:1      | nxtlvl the Deep Elf Monk began the quest for the Orb.
     0 | D:1      | Reached XP level 1. HP: 13/13 MP: 3/3
    75 | D:1      | Reached skill level 3 in Long Blades
   121 | D:3      | Reached XP level 2. HP: 13/18 MP: 4/4
   141 | D:4      | Found an iron altar of Okawaru.
   196 | D:4      | Found a snail-covered altar of Cheibriados.
   231 | D:4      | Noticed a scorpion
   273 | D:4      | Killed a scorpion
   274 | D:4      | Reached skill level 4 in Long Blades
   274 | D:4      | Reached XP level 3. HP: 14/22 MP: 5/5
   274 | D:4      | Reached XP level 4. HP: 18/27 MP: 6/6
   411 | D:5      | Entered Level 5 of the Dungeon
   532 | D:3      | Found a faded altar of an unknown god.
   732 | D:4      | Noticed a black bear
   836 | D:4      | Reached skill level 5 in Long Blades
   989 | D:4      | Found a staircase to the Ecumenical Temple.
  1003 | D:4      | Noticed a scorpion
  1014 | D:4      | Killed a scorpion
  1015 | D:4      | Reached XP level 5. HP: 25/31 MP: 7/7
  1025 | Temple   | Entered the Ecumenical Temple
  1101 | D:4      | Found a blossoming altar of Fedhas.
  1212 | D:4      | Slain by a black bear

Illustrated notes

Levels and vault maps discovered:
D:1:      psy_arrival_radial02, layout_basic, st_stairs_7,
          minmay_misc_feat_roman, serial_bayou_pond_a, serial_bayou_pond_a
D:2:      minmay_alternating_diamond, layout_basic, basic_altar,
          minmay_snake_closets, uniq_crazy_yiuf_cottage
D:3:      layout_loops_corners, nicolae_ecumenical_lake_church
D:4:      layout_gridville, fedhas_altar_3, mainiacjoe_overflow_cross_hatched,
          kennysheep_mini_moat, minmay_temple_entry_mini_moons
D:5:      layout_basic, nicolae_gozag_seed_capital, hex_medium
Temple:   nicolae_temple_superstar

Skill      XL: |  1  2  3  4 |
---------------+-------------+-----
Long Blades    | 3 4 5 |  5.5
Fighting       | |  2.4
Dodging        | |  3.6
Stealth        | |  2.4

Action                   |  1- 3 |  4- 6 || total
-------------------------+-------+-------++-------
Melee: Falchion          |    22 |    61 ||    83
       Punch             |       |     1 ||     1
Throw: Dart              |     8 |    19 ||    27
 Stab: Sleeping          |     1 |       ||     1
       Distracted        |       |     1 ||     1
Armor: Robe              |     2 |     3 ||     5
Dodge: Dodged            |    11 |    44 ||    55

Table legend: (Time is in decaauts)
 A = Elapsed time spent in this place.
 B = Non-inter-level travel time spent in this place.
 C = Inter-level travel time spent in this place.
 D = Time resting spent in this place.
 E = Time spent auto-exploring this place.
 F = Levels seen in this place.
 G = Mean time per level.
                   A        B        C        D        E       F      G
               +--------+--------+--------+--------+--------+-----+--------+
         Total |   1223 |   1169 |     54 |      0 |     17 |   6 |  203.8 |
       Dungeon |   1153 |   1107 |     46 |      0 |     17 |   5 |  230.6 |
        Temple |     69 |     61 |      8 |      0 |      0 |   1 |   69.0 |
               +--------+--------+--------+--------+--------+-----+--------+

Top non-repeatable levels by time:
     D:4: 715 daAuts
     D:3: 316 daAuts
     D:1: 97 daAuts
  Temple: 69 daAuts
     D:2: 18 daAuts
     D:5: 5 daAuts
